 Dungeon Crawl Stone Soup version 0.31-a0-1547-g618ab1f346 (webtiles) character file.

Game seed: 6425665630660469439

326 Pixllover the Digger (level 6, -1/34 HPs)
             Began as a Gargoyle Earth Elementalist on Jan 2, 2024.
             Slain by an orc wizard
             ... wielding a +2 dagger of protection
              (6 damage)
             ... on level 5 of the Dungeon.
             The game lasted 00:08:19 (3036 turns).

Pixllover the Digger (Gargoyle Earth Elementalist)  Turns: 3036, Time: 00:08:20

Health: -1/34      AC:  6    Str: 12    XL:     6   Next: 49%
Magic:  15/19      EV: 12    Int: 17    God:
Gold:   225        SH:  0    Dex: 10    Spells: 10/11 levels left

rFire   . . .        g - +2 short sword (flame)
rCold   . . .        (no shield)
rNeg    + . .        a - +0 robe
rPois   ∞            (no helmet)
rElec   +            (no cloak)
rCorr   .            (no gloves)
SInv    .            (no boots)
Will    .....        (no amulet)
Stlth   ++           m - ring of magical power
HPRegen 0.25/turn    (no ring)
MPRegen 0.16/turn

%: no passive effects
@: no status effects
A: sickness immunity, AC +4, negative energy resistance 1, electricity
resistance, torment resistance 1, petrification resistance
a: no special abilities


You were on level 5 of the Dungeon.
You visited 1 branch of the dungeon, and saw 5 of its levels.

You collected 225 gold pieces.

Inventory:

Hand Weapons
 g - a +2 short sword of flaming (weapon)
Missiles
 h - 5 poisoned darts
Armour
 a - a +0 robe (worn)
 e - a +0 pair of gloves
Jewellery
 m - a ring of magical power (left hand)
Wands
 l - a wand of iceblast (10)
Scrolls
 c - 2 scrolls of brand weapon
 d - a scroll of enchant weapon {unknown}
 j - 2 scrolls of enchant armour
 k - 2 scrolls of teleportation
 n - a scroll of torment {unknown}
 q - a scroll of silence {unknown}
Potions
 b - a potion of magic
 f - a potion of mutation
 i - a potion of lignification {unknown}
 o - a potion of degeneration {unknown}
 p - a potion of curing {unknown}


   Skills:
 + Level 1.2 Fighting
 + Level 2.8 Short Blades
 + Level 2.7 Dodging
 + Level 3.1 Stealth
 + Level 3.2 Spellcasting
 + Level 1.1 Conjurations
 + Level 4.9 Earth Magic


You had 10 spell levels left.
You knew the following spells:

 Your Spells              Type           Power      Damage    Failure   Level
a - Sandblast             Erth           38%        2d10      2%          1

Your spell library contained the following spells:

 Spells                   Type           Power      Damage    Failure   Level
 Passwall                 Erth           19%        N/A       7%          3
 Magic Dart               Conj           24%        1d4       11%         1
 Sting                    Conj/Alch      16%        1d4       14%         1
 Stone Arrow              Conj/Erth      24%        3d8       16%         3
 Necrotise                Necr           8%         1d4       17%         1
 Searing Ray              Conj           12%        2d4       17%         2
 Blink                    Tloc           4%         N/A       26%         2
 Mercury Vapours          Alch/Air       4%         N/A       26%         2
 Ozocubu's Armour         Ice            2%         N/A       45%         3
 Vampiric Draining        Necr           2%         2d6       45%         3
 Brom's Barrelling Bould  Conj/Erth      12%        2d4       45%         4
 Petrify                  Alch/Erth      11%        N/A       52%         4
 Fulminant Prism          Conj/Alch      2%         3d5       80%         4
 Martyr's Knell           Necr/Summ      2%         N/A       86%         4
 Olgreb's Toxic Radiance  Alch           2%         N/A       86%         4
 Vhi's Electric Charge    Tloc/Air       4%         N/A       86%         4
 Curse of Agony           Necr           2%         N/A       99%         5
 Polar Vortex             Ice            1%         N/A       100%        9


Dungeon Overview and Level Annotations

Branches:
Dungeon (5/15)
 Temple: D:4-7

Altars:


Innate Abilities, Weirdness & Mutations

You are immune to sickness and miasma.
Your stone body is resilient. (AC +4)
You are immune to poison.
You resist negative energy. (rN+)
You are resistant to electric shocks. (rElec)
You are resistant to unholy torment.
You are immune to petrification.


Message History

Reactivating autopickup.
The orc wizard hits you with a +2 dagger of protection.
You hit the orc wizard but do no damage.
The orc wizard is moderately wounded.
The orc wizard barely misses you.
Casting: Sandblast (safe; 2% risk of failure)
Confirm with . or Enter, or press ? or * to list all spells.
Aiming: Sandblast (safe; 2% risk of failure)
Press: ? - help, Shift-Dir - straight line, f - orc wizard
Aim: an orc wizard, wielding a +2 dagger of protection and wearing a +0 robe (moderately wounded, 77% to hit)
The blast of sand hits the orc wizard but does no damage.
The orc wizard is moderately wounded.
The orc wizard casts a spell at you. The puff of flame hits you!
* * * LOW HITPOINT WARNING * * *
The orc wizard mumbles some strange words.
The orc wizard flickers and vanishes!
Deactivating autopickup; reactivate with Ctrl-A.
Casting: Sandblast (safe; 2% risk of failure)
Confirm with . or Enter, or press ? or * to list all spells.
Aiming: Sandblast (safe; 2% risk of failure)
Press: ? - help, Shift-Dir - straight line The blast of sand hits something but does no damage.
Something hits you but does no damage.
Casting: Sandblast (safe; 2% risk of failure)
Confirm with . or Enter, or press ? or * to list all spells.
Aiming: Sandblast (safe; 2% risk of failure)
Press: ? - help, Shift-Dir - straight line, f - you That would be overly suicidal.
Okay, then.
Casting: Sandblast (safe; 2% risk of failure)
Confirm with . or Enter, or press ? or * to list all spells.
Aiming: Sandblast (safe; 2% risk of failure)
Press: ? - help, Shift-Dir - straight line Something barely misses you.
Something hits you.
* * * LOW HITPOINT WARNING * * *
Unknown command.
You barely miss something. You miss something. Something hits you.
You die...

...............
#............[.
#..............
#.............
##........###.#
##........##.. .
..........##.# ...
##........##.######.....
##..............@{..#
...####........####.#
.### #........# ##
#........# #[.......#
########.# #.# #..


There were no monsters in sight!

Vanquished Creatures
  An ogre (D:4)
  2 scorpions (D:5)
  An orc priest (D:4)
  An adder (D:4)
  3 dart slugs
  2 ribbon worms (D:2)
  6 orcs
  6 ball pythons
  7 endoplasms
  3 giant cockroaches
  4 hobgoblins
  2 jackals (D:4)
  A quokka (D:1)
  10 bats
  6 frilled lizards
  4 goblins
  9 kobolds
  5 rats
73 creatures vanquished.

Notes
Turn   | Place    | Note
-------+----------+-------------------------------------------
     0 | D:1      | Pixllover the Gargoyle Earth Elementalist began the quest
                  | for the Orb.
     0 | D:1      | Reached XP level 1. HP: 10/10 MP: 3/3
   126 | D:1      | Reached skill level 4 in Earth Magic
   126 | D:1      | Reached XP level 2. HP: 12/15 MP: 0/5
   565 | D:1      | Reached XP level 3. HP: 19/19 MP: 6/6
  1579 | D:3      | Reached XP level 4. HP: 24/24 MP: 8/8
  1657 | D:3      | Got Uxeloel's Collected Works on Azure Translocation
  2198 | D:4      | Reached skill level 1 in Short Blades
  2514 | D:4      | Noticed an ogre
  2523 | D:4      | Killed an ogre
  2524 | D:4      | Reached XP level 5. HP: 28/28 MP: 9/9
  2793 | D:4      | Identified the +0 chain mail of Follow the Leader {rElec
                  | rCorr Int-4 Dex+2}
  2946 | D:5      | Entered Level 5 of the Dungeon
  2954 | D:5      | Reached skill level 1 in Fighting
  2954 | D:5      | Reached XP level 6. HP: 34/34 MP: 10/10
  3036 | D:5      | Slain by an orc wizard

Illustrated notes

Levels and vault maps discovered:
D:1:      matt_arrival_los_fun, layout_basic, serial_bayou_lake_a
D:2:      layout_rooms
D:3:      layout_rooms, serial_glass, glass_columns_c, glass_columns_a,
          glass_columns_a, glass_columns_b, glass_columns_c, glass_columns_b,
          minmay_misc_feat_room
D:4:      layout_basic
D:5:      layout_rooms, kennysheep_generic_room_4

Skill      XL: |  1  2  3  4  5  6 |
---------------+-------------------+-----
Earth Magic    | 4 |  4.9
Dodging        | 2 |  2.7
Short Blades   | 2 |  2.8
Spellcasting   | 3 |  3.2
Fighting       | 1 |  1.2
Stealth        | 3 |  3.1
Conjurations   | |  1.1

Action                     |  1- 3 |  4- 6 || total
---------------------------+-------+-------++-------
  Melee: Unarmed           |    16 |       ||    16
         Punch             |     1 |       ||     1
         Short sword       |    79 |    95 ||   174
   Cast: Sandblast         |    25 |    14 ||    39
    Use: Scroll            |     4 |       ||     4
   Stab: Sleeping          |     1 |       ||     1
 Armour: Robe              |    57 |    62 ||   119
  Dodge: Dodged            |    86 |    56 ||   142

Table legend: (Time is in decaauts)
 A = Elapsed time spent in this place.
 B = Non-inter-level travel time spent in this place.
 C = Inter-level travel time spent in this place.
 D = Time resting spent in this place.
 E = Time spent auto-exploring this place.
 F = Levels seen in this place.
 G = Mean time per level.
                   A        B        C        D        E       F      G
               +--------+--------+--------+--------+--------+-----+--------+
         Total |   3068 |   3000 |     68 |    129 |   1697 |   5 |  613.6 |
       Dungeon |   3068 |   3000 |     68 |    129 |   1697 |   5 |  613.6 |
               +--------+--------+--------+--------+--------+-----+--------+

Top non-repeatable levels by time:
     D:4: 958 daAuts
     D:1: 908 daAuts
     D:3: 603 daAuts
     D:2: 509 daAuts
     D:5: 87 daAuts
